 Dungeon Crawl Stone Soup version 0.30.0-15-g856e2d3f33 (webtiles) character file.

Game seed: 9533477290173189226

102 qw the Chopper (level 4, -1/28 HPs)
             Began as a Gargoyle Fighter on May 20, 2023.
             Slain by Terence
             ... wielding a +4 flail
              (6 damage)
             ... on level 3 of the Dungeon.
             The game lasted 00:01:13 (2065 turns).

qw the Chopper (Gargoyle Fighter)                   Turns: 2065, Time: 00:01:14

Health: -1/28      AC: 15    Str: 20 (22) XL:     4   Next: 77%
Magic:  4/4        EV:  5    Int:  6 (8)  God:
Gold:   50         SH: 10    Dex: 15      Spells: 3/3 levels left

rFire   . . .        Y - +0 war axe
rCold   . . .        c - +0 buckler
rNeg    + . .        q - +0 plate armour
rPois   inf          (no helmet)
rElec   +            (no cloak)
rCorr   +            (no gloves)
SInv    .            (no boots)
Will    .....        f - amulet of reflection Stlth
                     g - ring of resist corrosion
HPRegen 0.24/turn    l - +6 ring of dexterity
MPRegen 0.09/turn

%: reflection
@: no status effects
A: sickness immunity, AC +3, negative energy resistance 1, electricity
resistance, torment resistance 1, petrification resistance
a: no special abilities


You were on level 3 of the Dungeon.
You visited 1 branch of the dungeon, and saw 3 of its levels.

You collected 90 gold pieces.
You spent 40 gold pieces at shops.


Innate Abilities, Weirdness & Mutations

You are immune to sickness and miasma.
Your stone body is resilient. (AC +3)
You are immune to poison.
You resist negative energy. (rN+)
You are resistant to electric shocks. (rElec)
You are resistant to unholy torment.
You are immune to petrification.


   Skills:
 - Level 3.2 Fighting
 + Level 4.2 Axes
 - Level 3.2 Armour
 - Level 0.4 Dodging
 - Level 3.2 Shields


You had 3 spell levels left.
You didn't know any spells.
Your spell library was empty.

Inventory:

Hand Weapons
 i - a +0 mace
 Y - a +0 war axe (weapon)
Armour
 c - a +0 buckler (worn)
 q - a +0 plate armour (worn)
Jewellery
 a - a ring of positive energy
 f - an amulet of reflection (around neck)
 g - a ring of resist corrosion (left hand)
 l - a +6 ring of dexterity (right hand)
Scrolls
 j - 2 scrolls of identify
Potions
 d - a potion of might
 e - 3 potions of curing

Dungeon Overview and Level Annotations

Branches:
Dungeon (3/15)

Altars:

Shops:
D:1 *

Annotations:
D:3 Terence


Message History

The kobold completely misses you. Terence hits you with a +4 flail!
2057 ||| DRINKING potion of heal wounds.
You feel much better. You block the kobold's attack. Terence barely misses you.
You hit Terence but do no damage.
Terence is heavily wounded.
You closely miss the kobold. You barely miss the hobgoblin.
The kobold hits you but does no damage. You block the hobgoblin's attack.
Terence barely misses you.
You closely miss Terence.
Terence is heavily wounded.
You hit the kobold. You completely miss the hobgoblin.
You block the kobold's attack. The hobgoblin barely misses you.
Terence hits you with a +4 flail.
The kobold hits you with a +0 short sword.
The hobgoblin hits you. You block Terence's attack.
You slash the kobold!
You kill the kobold!
You hit Terence but do no damage. You slash the hobgoblin!
You kill the hobgoblin!
Terence hits you with a +4 flail.
You closely miss Terence.
Terence is heavily wounded.
You closely miss the kobold. The kobold hits you but does no damage.
Terence hits you with a +4 flail!
You hit Terence.
Terence is almost dead.
You hit the kobold.
You kill the kobold!
Terence hits you with a +4 flail. Terence completely misses you.
You barely miss Terence.
Terence is almost dead.
You block Terence's attack.
You closely miss Terence.
Terence is almost dead.
You block Terence's attack.
You hit Terence but do no damage.
Terence is almost dead.
You block Terence's attack. Terence hits you with a +4 flail.
You die...

#.#########.###.##.# #
#.# #........# # #.#
#####.######
###.#######
###..).......
#..))......
..#.#.#######
#.#)####### #.#.#.#
###.#.# #.#.#.#
#.....# #######.#.#..
#.#.#####.......@@#..
#....##...####..%)...#
#.........# #.##.....#
##...##...# #. #.##..#
##.####..####.##.#
....
..............##.#
.###
########.#####.##.. #
#.# ... #.#


You could see Terence.

Vanquished Creatures
  2 adders (D:2)
  3 worms (D:2)
  2 dart slugs (D:1)
  5 orcs (D:3)
  7 endoplasms
  2 giant cockroaches
  4 goblins
  8 hobgoblins
  4 jackals (D:2)
  10 kobolds
  2 quokkas (D:1)
  2 ball pythons
  3 bats
  2 frilled lizards
  3 rats
59 creatures vanquished.

Notes
Turn   | Place    | Note
-------+----------+-------------------------------------------
     0 | D:1      | qw the Gargoyle Fighter began the quest for the Orb.
     0 | D:1      | Reached XP level 1. HP: 14/14 MP: 1/1
     0 | D:1      | 0 ||| qw: Version: 0.2-a-97-g499787f
     0 | D:1      | 0 ||| qw: Game counter: 60
     0 | D:1      | 0 ||| qw: Always use a shield: true
     0 | D:1      | 0 ||| qw: God list: Okawaru
     0 | D:1      | 0 ||| qw: Allow faded altars: false
     0 | D:1      | 0 ||| qw: Do Orc after D:15 true
     0 | D:1      | 0 ||| qw: Do second Lair branch before Depths: true
     0 | D:1      | 0 ||| qw: Lair rune preference: random
     0 | D:1      | 0 ||| qw: Plans: Normal, Zot:1-4, God:TSO, Crypt, Tomb,
                  | Pan, Slime:5, Hells, Abyss, Win
     0 | D:1      | 0 ||| PLANNING D:1-11
    54 | D:1      | Reached skill level 2 in Axes
    65 | D:1      | 65 ||| Stepping ~*~*~tactically~*~*~ (hiding).
   212 | D:1      | Reached XP level 2. HP: 12/19 MP: 2/2
   448 | D:1      | 448 ||| Stepping ~*~*~tactically~*~*~ (hiding).
   472 | D:1      | Reached skill level 3 in Axes
   589 | D:1      | Found Lerpheul's General Store.
   595 | D:1      | 595 ||| BUYING 2 scrolls of identify (40 gold).
   595 | D:1      | Bought 2 scrolls of identify for 40 gold pieces
   595 | D:1      | 595 ||| SHOPLISTING potion of curing (30 gold, have 1).
   767 | D:1      | Reached XP level 3. HP: 21/23 MP: 3/3
  1021 | D:1      | 1021 ||| UPGRADING to ring of positive energy.
  1022 | D:1      | 1022 ||| UPGRADING to +6 ring of dexterity.
  1023 | D:1      | 1023 ||| READING scroll labelled OTEPPI FUITUU.
  1024 | D:1      | 1024 ||| READING scroll labelled NUBEUT ALUSUO.
  1025 | D:1      | 1025 ||| DRINKING 3 bubbling grey potions.
  1026 | D:1      | 1026 ||| READING 3 scrolls of identify.
  1026 | D:1      | 1026 ||| IDENTIFYING white potion
  1027 | D:1      | 1027 ||| DROPPING 2 potions of degeneration.
  1314 | D:2      | Reached XP level 4. HP: 28/28 MP: 4/4
  1519 | D:2      | Reached skill level 4 in Axes
  1768 | D:2      | 1768 ||| UPGRADING to +0 plate armour.
  1778 | D:2      | 1778 ||| DROPPING +0 scale mail.
  1779 | D:2      | 1779 ||| UPGRADING to amulet of reflection.
  1784 | D:2      | 1784 ||| UPGRADING to ring of resist corrosion.
  1786 | D:2      | 1786 ||| DROPPING ring of magical power.
  1787 | D:2      | 1787 ||| READING 2 scrolls labelled ZOATUIRAZ FIENT.
  1788 | D:2      | 1788 ||| READING 2 scrolls labelled BAHUTR WIEBB.
  1789 | D:2      | 1789 ||| READING scroll labelled UKKYONI EGOISAI.
  1790 | D:2      | 1790 ||| READING 3 scrolls of identify.
  1790 | D:2      | 1790 ||| IDENTIFYING purple potion
  1791 | D:2      | 1791 ||| READING 2 scrolls of identify.
  1791 | D:2      | 1791 ||| IDENTIFYING fuming orange potion
  1792 | D:2      | 1792 ||| DROPPING scroll of summoning.
  1793 | D:2      | 1793 ||| DROPPING scroll of noise.
  1794 | D:2      | 1794 ||| DROPPING potion of magic.
  1870 | D:3      | 1870 ||| Stepping ~*~*~tactically~*~*~ (hiding).
  1899 | D:3      | 1899 ||| Stepping ~*~*~tactically~*~*~ (stealth).
  1905 | D:3      | 1905 ||| Stepping ~*~*~tactically~*~*~ (stealth).
  1906 | D:3      | 1906 ||| Stepping ~*~*~tactically~*~*~ (stealth).
  1913 | D:3      | 1913 ||| Stepping ~*~*~tactically~*~*~ (stealth).
  1986 | D:3      | 1986 ||| Stepping ~*~*~tactically~*~*~ (hiding).
  2046 | D:3      | Noticed Terence
  2048 | D:3      | 2048 ||| Stepping ~*~*~tactically~*~*~ (stealth).
  2056 | D:3      | HP: 2/28 [Terence/+4 flail (13)]
  2057 | D:3      | 2057 ||| DRINKING potion of heal wounds.
  2062 | D:3      | HP: 5/28 [Terence/+4 flail (5)]
  2065 | D:3      | Slain by Terence

Levels and vault maps discovered:
D:1:      tarquinn_simple_flora_water_f, layout_loops_corners, serial_shops,
          shop, minmay_misc_feat_alley, palyth_stone_intersect
D:2:      layout_loops_ring
D:3:      layout_loops_ring, minmay_diced_spiral, uniq_sigmund, uniq_natasha,
          uniq_terence

Skill      XL: |  1  2  3  4 |
---------------+-------------+-----
Axes           | 2 3 4 |  4.2
Fighting       | |  3.2
Armour         | |  3.2
Dodging        | |  0.4
Shields        | |  3.2

Action                     |  1- 3 |  4- 6 || total
---------------------------+-------+-------++-------
  Melee: War axe           |   110 |    89 ||   199
    Use: Scroll            |     3 |     5 ||     8
         Potion            |     1 |     1 ||     2
 Armour: Scale mail        |    51 |     9 ||    60
         Plate armour      |       |    20 ||    20
  Dodge: Dodged            |    44 |    24 ||    68
  Block: Buckler           |    17 |    41 ||    58
         Reflection        |       |     1 ||     1

Table legend:
 A = Non-vault XP
 B = Vault XP
 C = Vault XP percentage of total XP
 D = Non-vault monster count
 E = Vault monster count
 F = Vault count percentage of total count
                 A         B        C        D         E       F
            +---------+---------+-------+---------+---------+-------
      Total |     146 |       0 |   0.0 |      59 |       0 |   0.0
            +---------+---------+-------+---------+---------+-------
        D:1 |      36 |       0 |   0.0 |      20 |       0 |   0.0
        D:2 |      77 |       0 |   0.0 |      24 |       0 |   0.0
        D:3 |      33 |       0 |   0.0 |      15 |       0 |   0.0
            +---------+---------+-------+---------+---------+-------
